 Seeded DCSS version 0.29.1-12-g30fa7ad0bf (webtiles) character file.

Game seed: 4967141573482527758 (custom seed)

361 Gelion the Shield-Bearer (level 6, -1/53 HPs)
             Began as a Gnoll Fighter on Dec 14, 2022.
             Slain by an ogre
             ... wielding a +0 giant club
              (13 damage)
             ... on level 3 of the Dungeon.
             The game lasted 00:09:21 (3250 turns).

Gelion the Shield-Bearer (Gnoll Fighter)            Turns: 3250, Time: 00:09:22

Health: -1/53      AC: 12    Str: 15    XL:     6   Next: 66%
Magic:  9/9        EV:  6    Int:  8    God:
Gold:   176        SH: 14    Dex: 13    Spells: 9/9 levels left

rFire   . . .      SeeInvis .   v - +0 double sword
rCold   . . .      Faith    .   r - +0 tower shield
rNeg    . . .      Spirit   .   b - +0 scale mail
rPois   .          Reflect  .   g - +2 helmet
rElec   .          Harm     .   (no cloak)
rCorr   .          Rampage  .   (no gloves)
Will    .....                   q - +0 pair of boots
Stlth   +.........              (no amulet)
HPRegen 0.17/turn               (no ring)
MPRegen 0.11/turn               (no ring)

@: no status effects
A: fangs 1, strong nose, distributed training
a: no special abilities


You were on level 3 of the Dungeon.
You visited 1 branch of the dungeon, and saw 4 of its levels.

You collected 176 gold pieces.

Inventory:

Hand Weapons
 v - a +0 double sword (weapon)
Armour
 b - a +0 scale mail (worn)
 g - a +2 helmet (worn)
 q - a +0 pair of boots (worn)
 r - a +0 tower shield (worn)
Scrolls
 f - 3 scrolls of enchant weapon {unknown}
 h - 5 scrolls of teleportation {unknown}
 i - a scroll of blinking {unknown}
 j - a scroll of noise {unknown}
 l - a scroll of poison {unknown}
 o - a scroll of vulnerability {unknown}
 t - 2 scrolls of identify {unknown}
 u - a scroll of immolation {unknown}
Potions
 a - a potion of degeneration {unknown}
 e - 3 potions of heal wounds
 k - a potion of curing {unknown}
 m - a potion of resistance {unknown}
 n - a potion of cancellation {unknown}
 p - a potion of flight {unknown}
 s - a potion of attraction {unknown}


   Skills:
 + Level 6.9 Fighting
 + Level 2.1 Short Blades
 + Level 5.0 Long Blades
 + Level 2.1 Axes
 + Level 2.1 Maces & Flails
 + Level 2.1 Polearms
 + Level 2.1 Staves
 + Level 2.1 Ranged Weapons
 + Level 2.1 Throwing
 + Level 6.9 Armour
 + Level 2.1 Dodging
 + Level 2.1 Stealth
 + Level 6.9 Shields
 + Level 2.1 Unarmed Combat
 + Level 2.1 Spellcasting
 + Level 1.7 Conjurations
 + Level 1.7 Hexes
 + Level 1.7 Summonings
 + Level 1.7 Necromancy
 + Level 1.7 Translocations
 + Level 1.7 Transmutations
 + Level 1.7 Fire Magic
 + Level 1.7 Ice Magic
 + Level 1.7 Air Magic
 + Level 1.7 Earth Magic
 + Level 1.7 Poison Magic
 + Level 2.3 Invocations
 + Level 2.1 Evocations


You had 9 spell levels left.
You didn't know any spells.
Your spell library was empty.

Dungeon Overview and Level Annotations

Branches:
Dungeon (4/15)
 Temple: D:4-7

Altars:

Shops:
D:2 :

Annotations:
D:4 Menkaure


Innate Abilities, Weirdness & Mutations

You have very sharp teeth.
Your uncanny sense of smell can sniff out nearby items.
Your experience applies equally to all skills.


Message History

You block the adder's attack. You block the jackal's attack.
You block the adder's attack.
The jackal bites you but does no damage.
You slash the adder!
You kill the adder!
You block the jackal's attack. x2
Things that are here:
an adder corpse; a jackal corpse The jackal bites you but does no damage.
You miss the jackal.
The jackal is moderately wounded.
The jackal bites you but does no damage.
The jackal closely misses you.
You hit the jackal.
The jackal is heavily wounded.
You block the jackal's attack. x2
You closely miss the jackal.
The jackal is heavily wounded.
You block the jackal's attack. x2; The jackal barely misses you.
You completely miss the jackal.
The jackal is heavily wounded.
The jackal barely misses you. You block the jackal's attack.
You barely miss the jackal.
The jackal is moderately wounded.
The jackal bites you but does no damage.
The jackal barely misses you.
You completely miss the jackal.
The jackal is moderately wounded.
The jackal bites you but does no damage.
The jackal barely misses you.
You slash the jackal!
You kill the jackal!
You slash the ogre!
The ogre is almost dead.
The ogre hits you with a +0 giant club!
* * * LOW HITPOINT WARNING * * *
You closely miss the ogre.
The ogre is almost dead.
The ogre hits you with a +0 giant club!
You die...

#.### #.############# #.#
#######.############# #.#
#.................... #.#
#.#####.#........#### #.#
#.# #.#.##.....# #
#.###.#####.#.##.....# #
#...........#.##.....# #
#..##.#######.######.####
#.......@O>..............
#.###.#######.####.#.##..
#.#...........#..........
#.#.##.###....#.##.......
#.#.##.#<#.##.#.##.###...
#.#.##.#.#....#.##.# #.##
#.#....#......#.##.###.#.
#......#.###.##.##.....##
###........#.##.########


You could see an ogre.

Vanquished Creatures
  A phantom (D:4)
  A kobold brigand (D:4)
  An orc priest (D:3)
  An iguana (D:3)
  2 orc wizards (D:3)
  4 adders
  3 worms
  A dart slug (D:2)
  10 orcs (D:3)
  5 ball pythons
  A bat (D:2)
  3 endoplasms
  3 giant cockroaches
  7 goblins
  4 hobgoblins
  6 jackals
  A quokka (D:4)
  2 frilled lizards (D:1)
  2 kobolds
  6 rats
64 creatures vanquished.

Notes
Turn   | Place    | Note
-------+----------+-------------------------------------------
     0 | D:1      | Gelion the Gnoll Fighter began the quest for the Orb.
     0 | D:1      | Reached XP level 1. HP: 23/23 MP: 1/1
   232 | D:1      | Reached XP level 2. HP: 29/29 MP: 2/2
   797 | D:2      | Reached XP level 3. HP: 33/35 MP: 3/3
  1296 | D:2      | Found Toijonui's Book Shoppe.
  1355 | D:2      | Reached skill level 1 in Invocations
  1397 | D:2      | Reached skill level 1 in Short Blades
  1397 | D:2      | Reached skill level 1 in Axes
  1397 | D:2      | Reached skill level 1 in Maces & Flails
  1397 | D:2      | Reached skill level 1 in Polearms
  1397 | D:2      | Reached skill level 1 in Staves
  1397 | D:2      | Reached skill level 1 in Ranged Weapons
  1397 | D:2      | Reached skill level 1 in Throwing
  1397 | D:2      | Reached skill level 1 in Dodging
  1397 | D:2      | Reached skill level 1 in Stealth
  1397 | D:2      | Reached skill level 1 in Unarmed Combat
  1397 | D:2      | Reached skill level 1 in Spellcasting
  1397 | D:2      | Reached skill level 1 in Evocations
  1853 | D:3      | Reached XP level 4. HP: 7/41 MP: 5/5
  1870 | D:3      | Reached skill level 1 in Conjurations
  1870 | D:3      | Reached skill level 1 in Hexes
  1870 | D:3      | Reached skill level 1 in Summonings
  1870 | D:3      | Reached skill level 1 in Necromancy
  1870 | D:3      | Reached skill level 1 in Translocations
  1870 | D:3      | Reached skill level 1 in Transmutations
  1870 | D:3      | Reached skill level 1 in Fire Magic
  1870 | D:3      | Reached skill level 1 in Ice Magic
  1870 | D:3      | Reached skill level 1 in Air Magic
  1870 | D:3      | Reached skill level 1 in Earth Magic
  1870 | D:3      | Reached skill level 1 in Poison Magic
  2299 | D:3      | Reached XP level 5. HP: 43/47 MP: 5/7
  3088 | D:4      | Noticed a kobold brigand
  3094 | D:4      | Killed a kobold brigand
  3095 | D:4      | Reached skill level 5 in Long Blades
  3095 | D:4      | Reached XP level 6. HP: 45/53 MP: 7/9
  3208 | D:4      | Noticed Menkaure
  3250 | D:3      | Slain by an ogre

Illustrated notes

Levels and vault maps discovered:
D:1:      spicycebolla_arrival_xxxplode, layout_basic
D:2:      minmay_door_path, layout_loops_ring, serial_shops, shop,
          minmay_pentomino_o2
D:3:      layout_basic
D:4:      layout_rooms, eino_tiny_chamber, nicolae_shop_sticking_my_neck_out,
          uniq_menkaure

Skill      XL: |  1  2  3  4  5 |
---------------+----------------+-----
Invocations    | 1 2 |  2.3
Short Blades   | 1 2 |  2.1
Axes           | 1 2 |  2.1
Maces & Flails | 1 2 |  2.1
Polearms       | 1 2 |  2.1
Staves         | 1 2 |  2.1
Ranged Weapons | 1 2 |  2.1
Throwing       | 1 2 |  2.1
Dodging        | 1 2 |  2.1
Stealth        | 1 2 |  2.1
Unarmed Combat | 1 2 |  2.1
Spellcasting   | 1 2 |  2.1
Evocations     | 1 2 |  2.1
Conjurations   | 1 |  1.7
Hexes          | 1 |  1.7
Summonings     | 1 |  1.7
Necromancy     | 1 |  1.7
Translocations | 1 |  1.7
Transmutations | 1 |  1.7
Fire Magic     | 1 |  1.7
Ice Magic      | 1 |  1.7
Air Magic      | 1 |  1.7
Earth Magic    | 1 |  1.7
Poison Magic   | 1 |  1.7
Long Blades    | 5 |  5.0
Fighting       | |  6.9
Armour         | |  6.9
Shields        | |  6.9

Action                   |  1- 3 |  4- 6 || total
-------------------------+-------+-------++-------
Melee: Long sword        |   100 |    63 ||   163
       Bite              |    12 |     9 ||    21
       Double sword      |       |    54 ||    54
  Use: Potion            |       |     4 ||     4
Armor: Scale mail        |    43 |    56 ||    99
Dodge: Dodged            |    38 |    47 ||    85
Block: Buckler           |    22 |    11 ||    33
       Tower shield      |       |    79 ||    79
